 Dungeon Crawl Stone Soup version 0.27.1-33-g824d729ab1 (webtiles) character file.

Game seed: 17955392545943708717

33 lordive the Ruffian (level 3, -1/31 HPs)
             Began as a Naga Transmuter on Dec 27, 2021.
             Slain by a hobgoblin (3 damage)
             ... on level 2 of the Dungeon.
             The game lasted 00:01:35 (1413 turns).

lordive the Ruffian (Naga Transmuter)               Turns: 1413, Time: 00:01:35

Health: -1/31      AC:  2    Str: 12    XL:     3   Next: 29%
Magic:  6/6        EV: 10    Int: 14    God:
Gold:   37         SH:  0    Dex: 11    Spells: 5/6 levels left

rFire    . . .     SeeInvis +     - Unarmed
rCold    . . .     Faith    .   (no shield)
rNeg     . . .     Spirit   .   a - +0 robe
rPois    +         Reflect  .   (helmet currently unavailable)
rElec    .         Harm     .   (no cloak)
rCorr    .         Rampage  .   (no gloves)
Will     .....                  (no barding)
Stlth    +.........             (no amulet)
HPRegen  0.10/turn              (no ring)
MPRegen  0.10/turn              (no ring)

@: appendages (expiring), very slow
A: horns 2, AC +1, large, see invisible, deformed body, poison resistance,
slowness 2, spit poison 1, naga tail 1
a: Spit Poison, End Transformation


You were on level 2 of the Dungeon.
You had temporarily grown beastly horns.
You visited 1 branch of the dungeon, and saw 2 of its levels.

You collected 37 gold pieces.

Inventory:

Armour
 a - a +0 robe (worn)
Scrolls
 d - a scroll of identify {unknown}
Potions
 b - a potion of heal wounds {unknown}
 c - a potion of degeneration {unknown}
 e - a potion of brilliance {unknown}


   Skills:
 + Level 1.0 Fighting
 + Level 1.7 Dodging
 + Level 0.7 Stealth
 + Level 3.7 Unarmed Combat
 + Level 2.4 Spellcasting
 + Level 2.1 Transmutations


You had 5 spell levels left.
You knew the following spells:

 Your Spells              Type           Power      Damage    Failure   Level
a - Beastly Appendage     Tmut           14%        N/A       10%         1

Your spell library contained the following spells:

 Spells                   Type           Power      Damage    Failure   Level
 Wereblood                Tmut           7%         N/A       14%         2
 Spider Form              Tmut/Pois      2%         N/A       41%         3
 Dazzling Flash           Conj/Hex       2%         N/A       56%         3
 Ice Form                 Ice/Tmut       4%         N/A       82%         4
 Iskenderun's Mystic Bla  Conj/Tloc      1%         2d3       92%         4
 Starburst                Conj/Fire      0%         6d3       100%        6


Dungeon Overview and Level Annotations

Branches:
Dungeon (2/15)

Altars:

Annotations:
D:2 Terence


Innate Abilities, Weirdness & Mutations

You have temporarily grown beastly horns.
Your serpentine skin is tough. (AC +1)
You have supernaturally acute eyesight. (SInv)
Armour fits poorly on your strangely shaped body.
Your system is resistant to poisons. (rPois)
You cover ground very slowly.
You can spit poison.
You have a snake-like lower body.


Message History

The adder barely misses you.
You miss the adder. The adder bites you.
You hit the adder. You headbutt the adder!
The adder is almost dead.
The adder closely misses you. The hobgoblin misses you.
The adder barely misses you.
You closely miss the adder.
The adder is almost dead.
The hobgoblin barely misses you. Terence barely misses you.
The adder completely misses you.
You barely miss the adder. Your headbutt misses the adder.
The adder is almost dead.
The hobgoblin completely misses you. The adder bites you.
Terence completely misses you.
You miss the adder.
The adder is almost dead.
The adder barely misses you. The hobgoblin hits you.
Terence closely misses you. The adder bites you.
You hit the adder.
You kill the adder!
Your transformation is almost over.
The hobgoblin hits you. Terence hits you with a +0 hand axe!
* * * LOW HITPOINT WARNING * * *
You are too injured to fight recklessly!
You hit Terence.
Terence is lightly wounded.
The hobgoblin barely misses you. Terence hits you with a +0 hand axe.
* * * LOW HITPOINT WARNING * * *
You hit Terence but do no damage.
Terence is lightly wounded.
The hobgoblin barely misses you. Terence hits you with a +0 hand axe.
* * * LOW HITPOINT WARNING * * *
You hit Terence.
Terence is lightly wounded.
The hobgoblin barely misses you. Terence hits you with a +0 hand axe.
* * * LOW HITPOINT WARNING * * *
You closely miss Terence.
Terence is lightly wounded.
The hobgoblin hits you.
You die...

..########
.........##
......g@..#
.......@...#
...........#
.............
.....|........#
......#...#...#
.....#######...
...#. ...


You could see Terence and a hobgoblin.

Vanquished Creatures
  An adder (D:2)
  A dart slug (D:1)
  2 ball pythons (D:1)
  A bat (D:1)
  2 endoplasms (D:1)
  3 giant cockroaches (D:1)
  2 goblins (D:1)
  3 hobgoblins (D:1)
  A kobold (D:1)
  A frilled lizard (D:1)
  A rat (D:1)
18 creatures vanquished.

Notes
Turn   | Place    | Note
-------+----------+-------------------------------------------
     0 | D:1      | lordive the Naga Transmuter began the quest for the Orb.
     0 | D:1      | Reached XP level 1. HP: 18/18 MP: 3/3
   356 | D:1      | Reached XP level 2. HP: 25/25 MP: 3/5
  1201 | D:1      | Reached XP level 3. HP: 20/31 MP: 4/6
  1401 | D:2      | Noticed Terence
  1413 | D:2      | Slain by a hobgoblin

Illustrated notes

Levels and vault maps discovered:
D:1:      minmay_arrival_loop, layout_basic, kennysheep_decorative_pillar
D:2:      layout_rooms, hellmonk_ecumenical_altar_blasted, basic_altar,
          minmay_between, uniq_terence, uniq_jessica

Action                   || total
-------------------------++-------
Melee: Unarmed           ||    75
       Headbutt          ||     6
       Punch             ||     1
 Cast: Beastly Appendage ||    13
Armor: Robe              ||    10
Dodge: Dodged            ||    40
